 Dungeon Crawl Stone Soup version 0.31-a0-174-g85c54bcb58 (webtiles) character file.

Game seed: 336349767870877929

2128 qw the Skirmisher (level 9, -1/56 HPs)
             Began as a Gargoyle Hunter on June 16, 2023.
             Slain by an orc wizard
             ... wielding a +0 dagger
              (2 damage)
             ... on level 7 of the Dungeon.
             The game lasted 00:02:05 (4796 turns).

qw the Skirmisher (Gargoyle Hunter)                 Turns: 4796, Time: 00:02:06

Health: -1/56      AC: 13    Str: 16    XL:     9   Next: 29%
Magic:  9/9        EV: 18    Int:  9    God:
Gold:   347        SH:  0    Dex: 23    Spells: 8/8 levels left

rFire   . . .        Y - +1 shortbow
rCold   . . .        (shield currently unavailable)
rNeg    + . .        f - +0 ring mail
rPois   inf          g - +0 helmet
rElec   +            (no cloak)
rCorr   .            (no gloves)
SInv    .            (no boots)
Will    .....        (no amulet)
Stlth   ++           s - +6 ring of dexterity
HPRegen 0.29/turn    m - +5 ring of evasion
MPRegen 0.11/turn

%: no passive effects
@: no status effects
A: sickness immunity, AC +6, negative energy resistance 1, electricity
resistance, torment resistance 1, petrification resistance
a: no special abilities


You were on level 7 of the Dungeon.
You visited 2 branches of the dungeon, and saw 8 of its levels.

You collected 347 gold pieces.


Innate Abilities, Weirdness & Mutations

You are immune to sickness and miasma.
Your stone body is resilient. (AC +6)
You are immune to poison.
You resist negative energy. (rN+)
You are resistant to electric shocks. (rElec)
You are resistant to unholy torment.
You are immune to petrification.


   Skills:
 + Level 6.7 Fighting
 - Level 10.1 Ranged Weapons
 - Level 2.9 Armour
 - Level 3.5 Dodging
 - Level 1.1 Stealth


You had 8 spell levels left.
You didn't know any spells.
Your spell library was empty.

Inventory:

Hand Weapons
 Y - a +1 shortbow (weapon)
Armour
 f - a +0 ring mail (worn)
 g - a +0 helmet (worn)
Jewellery
 m - a +5 ring of evasion (right hand)
 s - a +6 ring of dexterity (left hand)
Wands
 b - a wand of digging (3)
Scrolls
 i - a scroll of identify
Potions
 a - a potion of lignification
 c - 3 potions of haste
 d - 3 potions of curing
 e - a potion of magic
 j - a potion of cancellation
 k - a potion of attraction
 l - a potion of invisibility {unknown}
 n - a potion of brilliance {unknown}
 o - a potion of berserk rage {unknown}

Dungeon Overview and Level Annotations

Branches:
Dungeon (7/15)             Temple (1/1) D:6

Altars:
Ashenzari
Cheibriados
Elyvilon
Fedhas
Gozag
Hepliaklqana
Kikubaaqudgha
Makhleb
Nemelex Xobeh
Qazlal
Ru
Sif Muna
Trog
Vehumet
Yredelemnul
Zin

Shops:
D:1 (   D:4 :

Annotations:
D:3 3 runed translucent doors, qw's ghost, weakling NaHu


Message History

The bullfrog completely misses you.
You shoot an arrow. The arrow hits the bullfrog!
The bullfrog is heavily wounded.
The bullfrog hits you.
The orc warrior hits you from afar with a +0 trident.
You shoot an arrow. The arrow hits the bullfrog!
You kill the bullfrog!
The orc warrior barely misses you.
You shoot an arrow.
The arrow closely misses the orc warrior.
The orc warrior hits you but does no damage.
You shoot an arrow.
The arrow hits the orc warrior but does no damage.
The orc warrior is severely wounded.
Your surroundings suddenly seem different.
An orc priest and 2 orc wizards come into view.
Found a stone.
The orc wizard shouts! x2
The orc wizard mumbles some strange words.
The orc wizard flickers and vanishes!
Deactivating autopickup; reactivate with Ctrl-A.
The orc priest looks satisfied for a moment.
The orc wizard points at you and mumbles some strange words.
You easily resist.
You shoot an arrow. The arrow hits the orc priest.
The orc priest is moderately wounded.
You shoot an arrow. The arrow hits the orc priest!
The orc priest is severely wounded.
You hear some strange, mumbled words.
A magic dart appears from out of thin air!
The magic dart hits you.
You shoot an arrow. The arrow hits the orc priest.
You kill the orc priest!
You shoot an arrow. The arrow hits the orc wizard!
The orc wizard is heavily wounded.
Something hits you. The orc wizard completely misses you.
You shoot an arrow.
The arrow closely misses the orc wizard.
Something hits you.
You die...

### ..#
#.#
#.#####.##
......{@.#
#.#..##o)#
# #..#
...# ...#
....#
..(##
##.##


You could see an orc wizard.

Vanquished Creatures
  Prince Ribbit (D:6)
  2 steam dragons (D:6)
  2 black bears
  2 ogres
  2 phantoms
  3 bullfrogs
  A scorpion (D:7)
  A howler monkey (D:5)
  A jelly (D:7)
  5 orc priests
  5 hounds
  5 iguanas
  2 sleepcaps
  Terence (D:2)
  3 orc wizards
  Robin (D:2)
  3 gnolls (D:5)
  11 adders
  2 shadow imps (D:5)
  An ufetubus (D:4)
  A worm (D:5)
  A dart slug (D:2)
  19 orcs
  6 ball pythons
  6 endoplasms
  5 giant cockroaches
  12 goblins
  12 hobgoblins
  4 jackals
  5 quokkas
  3 bats
  5 frilled lizards
  5 kobolds
  9 rats
147 creatures vanquished.

Vanquished Creatures (others)
  An orc (D:7)
1 creature vanquished.

Grand Total: 148 creatures vanquished

Notes
Turn   | Place    | Note
-------+----------+-------------------------------------------
     0 | D:1      | qw the Gargoyle Hunter began the quest for the Orb.
     0 | D:1      | Reached XP level 1. HP: 12/12 MP: 1/1
     0 | D:1      | 0 ||| qw: Version: 0.2-a-29-g511e9b1
     0 | D:1      | 0 ||| qw: Game counter: 5634
     0 | D:1      | 0 ||| qw: Always use a shield: true
     0 | D:1      | 0 ||| qw: God list: Okawaru
     0 | D:1      | 0 ||| qw: Allow faded altars: false
     0 | D:1      | 0 ||| qw: Do Orc after D:15 true
     0 | D:1      | 0 ||| qw: Do second Lair branch before Depths: true
     0 | D:1      | 0 ||| qw: Lair rune preference: random
     0 | D:1      | 0 ||| qw: Plans: Normal, Zot:1-4, Slime:5, God:TSO, Crypt,
                  | Tomb, Abyss, Pan, Hells, Win
     0 | D:1      | 0 ||| PLANNING D:1-11
   177 | D:1      | Found Offott's Weapon Shoppe.
   379 | D:1      | Reached XP level 2. HP: 17/17 MP: 2/2
   845 | D:1      | 845 ||| UPGRADING to +0 ring mail.
   855 | D:1      | 855 ||| DROPPING +0 leather armour.
   856 | D:1      | 856 ||| UPGRADING to +4 ring of slaying {mikee}.
   857 | D:1      | 857 ||| READING scroll labelled IDDUNE OBRUSTRA.
   858 | D:1      | 858 ||| DRINKING 2 fizzy yellow potions.
   859 | D:1      | 859 ||| DROPPING scroll of butterflies.
   936 | D:2      | Reached skill level 1 in Armour
   936 | D:2      | Reached XP level 3. HP: 21/21 MP: 3/3
   986 | D:2      | Noticed Terence
   991 | D:2      | Killed Terence
   992 | D:2      | Reached skill level 5 in Ranged Weapons
  1030 | D:2      | Noticed Robin
  1031 | D:2      | 1031 ||| Stepping ~*~*~tactically~*~*~ (outnumbered).
  1037 | D:2      | Reached XP level 4. HP: 27/27 MP: 4/4
  1043 | D:2      | Killed Robin
  1048 | D:2      | Reached skill level 3 in Fighting
  1141 | D:2      | Found a faded altar of an unknown god.
  1407 | D:2      | 1407 ||| UPGRADING to +0 helmet.
  1412 | D:2      | 1412 ||| READING scroll labelled OPIMIO KAEZ.
  1413 | D:2      | 1413 ||| READING scroll labelled INOANUCWYI.
  1414 | D:2      | 1414 ||| READING scroll labelled CUBAFU JYRCHIB.
  1415 | D:2      | 1415 ||| READING 3 scrolls of identify.
  1415 | D:2      | 1415 ||| IDENTIFYING purple potion
  1416 | D:2      | 1416 ||| READING 2 scrolls of identify.
  1416 | D:2      | 1416 ||| IDENTIFYING lumpy red potion
  1454 | D:3      | 1454 ||| FLEEEEING.
  1455 | D:3      | 1455 ||| STAIRDANCE
  1556 | D:3      | Reached XP level 5. HP: 32/32 MP: 5/5
  1610 | D:3      | Reached skill level 6 in Ranged Weapons
  1704 | D:3      | Found a runed translucent gate.
  1704 | D:3      | Found a runed translucent gate.
  1704 | D:3      | Noticed a kobold brigand
  1704 | D:3      | Noticed qw's ghost (weakling NaHu)
  1706 | D:3      | Found a runed translucent gate.
  1767 | D:3      | Found a stormy altar of Qazlal.
  2019 | D:3      | 2019 ||| UPGRADING to +5 ring of evasion.
  2020 | D:3      | 2020 ||| READING scroll labelled KAJAPA TONOU.
  2021 | D:3      | 2021 ||| READING scroll labelled NIANAMURIHE.
  2088 | D:4      | Reached XP level 6. HP: 35/38 MP: 6/6
  2094 | D:4      | 2094 ||| FLEEEEING.
  2095 | D:4      | 2095 ||| FLEEEEING.
  2096 | D:4      | 2096 ||| FLEEEEING.
  2097 | D:4      | 2097 ||| STAIRDANCE
  2274 | D:4      | Found an opulent altar of Gozag.
  2299 | D:4      | Noticed a black bear
  2305 | D:4      | Killed a black bear
  2306 | D:4      | Reached skill level 7 in Ranged Weapons
  2330 | D:4      | Found Ezxat's Book Shop.
  2336 | D:4      | Reached XP level 7. HP: 43/43 MP: 7/7
  2396 | D:4      | Reached skill level 8 in Ranged Weapons
  2599 | D:4      | Found a sacrificial altar of Ru.
  2723 | D:4      | 2723 ||| READING scroll labelled HEZAIG TEONU.
  2756 | D:4      | 2756 ||| READING 3 scrolls of identify.
  2756 | D:4      | 2756 ||| IDENTIFYING smoky purple potion
  2757 | D:4      | 2757 ||| READING 2 scrolls of identify.
  2757 | D:4      | 2757 ||| IDENTIFYING smoky amethyst potion
  2777 | D:5      | Entered Level 5 of the Dungeon
  2777 | D:5      | You fall into a shaft and drop 1 floor!
  2846 | D:6      | Noticed a steam dragon
  2848 | D:6      | 2848 ||| Stepping ~*~*~tactically~*~*~ (cloud).
  2863 | D:6      | Killed a steam dragon
  2969 | D:5      | Reached XP level 8. HP: 50/50 MP: 8/8
  3187 | D:5      | Identified the +0 spear "Fugeclas" {spect, rCorr Dex+2}
  3339 | D:5      | Found a burning altar of Makhleb.
  3397 | D:5      | Reached skill level 9 in Ranged Weapons
  3757 | D:5      | 3757 ||| UPGRADING to +6 ring of dexterity.
  3759 | D:5      | 3759 ||| DROPPING +4 ring of slaying {mikee}.
  3760 | D:5      | 3760 ||| READING scroll labelled TEDOBI PIVOWE.
  3761 | D:5      | 3761 ||| READING scroll labelled INUBEV HAFAB.
  3762 | D:5      | 3762 ||| READING scroll labelled RUZO ROTWA.
  3765 | D:5      | 3765 ||| READING 2 scrolls of identify.
  3765 | D:5      | 3765 ||| IDENTIFYING puce potion
  3800 | D:6      | Found a staircase to the Ecumenical Temple.
  3801 | D:6      | 3801 ||| PLANNING TEMPLE
  3803 | D:6      | Noticed Prince Ribbit
  3804 | D:6      | 3804 ||| Stepping ~*~*~tactically~*~*~ (water).
  3809 | D:6      | Reached skill level 6 in Fighting
  3821 | D:6      | HP: 12/51 [Prince Ribbit (4)]
  3837 | D:6      | Killed Prince Ribbit
  3838 | D:6      | Reached skill level 3 in Dodging
  3964 | Temple   | Entered the Ecumenical Temple
  4157 | Temple   | 4157 ||| PLANNING D:1-11
  4275 | D:6      | Reached XP level 9. HP: 49/55 MP: 9/9
  4288 | D:6      | 4288 ||| FLEEEEING.
  4289 | D:6      | 4289 ||| FLEEEEING.
  4290 | D:6      | 4290 ||| FLEEEEING.
  4291 | D:6      | 4291 ||| FLEEEEING.
  4292 | D:6      | 4292 ||| FLEEEEING.
  4584 | D:6      | 4584 ||| DROPPING +6 ring of strength.
  4585 | D:6      | 4585 ||| DROPPING +4 ring of protection.
  4586 | D:6      | 4586 ||| READING 2 scrolls of identify.
  4586 | D:6      | 4586 ||| IDENTIFYING bubbling black potion
  4587 | D:6      | 4587 ||| DROPPING potion of degeneration.
  4616 | D:7      | 4616 ||| STAIRDANCE
  4708 | D:7      | 4708 ||| STAIRDANCE
  4712 | D:6      | Reached skill level 10 in Ranged Weapons
  4786 | D:7      | HP: 13/55 [orc warrior/+0 trident (5)]
  4787 | D:7      | 4787 ||| READING scroll of teleportation.
  4793 | D:7      | HP: 5/56 [something/magic dart (4)]
  4795 | D:7      | HP: 1/56 [something (4)]
  4796 | D:7      | Slain by an orc wizard

Levels and vault maps discovered:
D:1:      beargit_arrival_diablo_church, layout_loops_corners, serial_shops,
          nicolae_shop_bloodbath_and_beyond
D:2:      layout_rooms, shapermc_ecumenical_altar_starsandcircs, uniq_terence,
          uniq_robin
D:3:      layout_loops_ring, lemuel_crystal_altar, gammafunk_ghost_nasty_kobolds
D:4:      layout_cave_pools, nicolae_gozag_cash_rules_everything_around_me,
          nicolae_ru_path_of_blood, serial_shops, nicolae_lakefront_shop
D:5:      layout_basic, mainiacjoe_overflow_24_doors
D:6:      layout_rooms, minmay_temple_entry_water_ring, uniq_prince_ribbit1
D:7:      layout_loops_cross, gammafunk_ghost_wrathful_warriors
Temple:   nicolae_temple_bog_church

Skill      XL: |  1  2  3  4  5  6  7  8  9 |
---------------+----------------------------+-----
Armour         | 1 2 |  2.9
Ranged Weapons | 5 6 7 8 9 10 | 10.1
Fighting       | 3 4 5 6 |  6.7
Dodging        | 3 |  3.5
Stealth        | |  1.1

Action                     |  1- 3 |  4- 6 |  7- 9 || total
---------------------------+-------+-------+-------++-------
   Fire: Shortbow          |    67 |   146 |   257 ||   470
    Use: Scroll            |     1 |     7 |     9 ||    17
         Potion            |     1 |       |       ||     1
 Armour: Ring mail         |     6 |    31 |    45 ||    82
         Leather armour    |     5 |       |       ||     5
  Dodge: Dodged            |     9 |    47 |    99 ||   155

Table legend:
 A = Non-vault XP
 B = Vault XP
 C = Vault XP percentage of total XP
 D = Non-vault monster count
 E = Vault monster count
 F = Vault count percentage of total count
                 A         B        C        D         E       F
            +---------+---------+-------+---------+---------+-------
      Total |    2692 |     349 |  11.5 |     132 |      15 |  10.2
            +---------+---------+-------+---------+---------+-------
        D:1 |      25 |       0 |   0.0 |      16 |       0 |   0.0
        D:2 |      48 |      75 |  61.0 |      23 |      14 |  37.8
        D:3 |      94 |       0 |   0.0 |      20 |       0 |   0.0
        D:4 |     641 |       0 |   0.0 |      28 |       0 |   0.0
        D:5 |     726 |       0 |   0.0 |      20 |       0 |   0.0
        D:6 |     858 |     274 |  24.2 |      17 |       1 |   5.6
        D:7 |     300 |       0 |   0.0 |       8 |       0 |   0.0
            +---------+---------+-------+---------+---------+-------
